 Dungeon Crawl Stone Soup version 0.21.1-1-g345015fe64 (webtiles) character file.

17 Ivernyr the Shooter (level 2, 0/23 HPs)
             Began as a Centaur Arcane Marksman on Apr 1, 2018.
             Slain by an adder (5 damage)
             ... on level 2 of the Dungeon.
             The game lasted 00:09:36 (1322 turns).

Ivernyr the Shooter (Centaur Arcane Marksman)       Turns: 1322, Time: 00:09:36

Health: 0/23       AC:  4    Str: 12    XL:     2   Next: 44%
Magic:  1/3        EV:  9    Int: 12    God:
Gold:   30         SH:  0    Dex:  9    Spells: 2/3 levels left

rFire    . . .     SeeInvis .   (no weapon)
rCold    . . .     Gourm    .   (no shield)
rNeg     . . .     Faith    .   e - +0 robe
rPois    .         Spirit   .   (no helmet)
rElec    .         Reflect  .   (no cloak)
rCorr    .         Harm     .   (no gloves)
MR       .....                  (no barding)
Stlth    +.........             (no amulet)
HPRegen  0.07/turn              (no ring)
MPRegen  0.08/turn              (no ring)

@: lethally poisoned (0 -> -9), very quick
A: large, hooves 3, deformed body, speed 2, tough skin 3
a: no special abilities


You were on level 2 of the Dungeon.
You were hungry.

You visited 1 branch of the dungeon, and saw 2 of its levels.

You collected 30 gold pieces.

Inventory:

Hand Weapons
 a - a +0 shortbow
Missiles
 d - 20 arrows
Armour
 e - a +0 robe (worn)
Scrolls
 b - a scroll of identify {unknown}
 g - a scroll of teleportation {unknown}
 i - a scroll of magic mapping {unknown}
 j - a scroll of remove curse {unknown}
 l - a scroll of fog {unknown}
Potions
 h - 2 potions of lignification {unknown}
 k - a potion of heal wounds {unknown}
Books
 c - a book of Debilitation

   Spells                             Type                      Level
   a - Corona                         Hexes                        1
   b - Slow                           Hexes                        2
   c - Inner Flame                    Hexes/Fire                   3
   d - Portal Projectile              Hexes/Translocation          3
   e - Cause Fear                     Hexes                        4
   f - Leda's Liquefaction            Hexes/Earth                  4
Comestibles
 f - 2 rations


   Skills:
 + Level 1.4 Fighting
 * Level 3.5 Bows
 - Level 1.3 Dodging
 + Level 0.8 Unarmed Combat
 - Level 1.0 Spellcasting
 - Level 2.6 Hexes


You had 2 spell levels left.
You knew the following spells:

 Your Spells              Type           Power        Failure   Level  Hunger
a - Corona                Hex            #......      10%         1    ##.....


Dungeon Overview and Level Annotations

Branches:
Dungeon (2/15)

Altars:
Makhleb


Innate Abilities, Weirdness & Mutations

You have hooves in place of feet.
Armour fits poorly on your strangely shaped body.
You cover ground very quickly.
You have extremely tough skin. (AC +3)


Message History

Press: ? - help, Shift-Dir - straight line, f/p - adder
Aim: an adder (chance to defeat MR: 50%)
The adder is outlined in light.
The adder bites you.
You are poisoned.
The adder poisons you!
You hit the adder but do no damage. Your kick misses the adder.
You feel sick. The adder bites you but does no damage.
You closely miss the adder. The adder bites you.
You barely miss the adder.
You feel sick. The adder bites you.
You are lethally poisoned!
The adder poisons you! The adder barely misses you.
You hit the adder.
The adder is lightly wounded.
The adder bites you.
* * * LOW HITPOINT WARNING * * *
You hit the adder but do no damage.
The adder is lightly wounded.
* * * LOW HITPOINT WARNING * * *
You feel sick. The adder bites you.
You die...

#########
#.........#####
#.##......S...#
#####.##.# #@#
####........####.#####
.....................#
.###.###[....###.###.#
.......<..........#
.###)###.....###..# .#
#.###..........# <#
#..###.#.......# .#
##.###.#........


You could see an adder.

Vanquished Creatures
  3 giant cockroaches (D:1)
  2 goblins
  A hobgoblin (D:1)
  4 bats (D:1)
  A frilled lizard (D:2)
  2 kobolds (D:1)
  4 rats
17 creatures vanquished.

Vanquished Creatures (others)
  A quokka (D:2)
1 creature vanquished.

Grand Total: 18 creatures vanquished

Notes
Turn   | Place    | Note
-------+----------+-------------------------------------------
     0 | D:1      | Ivernyr the Centaur Arcane Marksman began the quest for the Orb.
     0 | D:1      | Reached XP level 1. HP: 16/16 MP: 2/2
   361 | D:1      | Reached skill level 3 in Bows
   573 | D:1      | Reached XP level 2. HP: 8/23 MP: 3/3
  1301 | D:2      | Found a burning altar of Makhleb.
  1322 | D:2      | Slain by an adder

Skill      XL: |  1 |
---------------+----+-----
Bows           | 3 |  3.5
Fighting       | |  1.4
Dodging        | |  1.3
Unarmed Combat | |  0.8
Spellcasting   | |  1.0
Hexes          | |  2.6

Action                   || total
-------------------------++-------
Melee: Unarmed           ||   100
       Kick              ||    15
 Cast: Corona            ||     2
Armor: Robe              ||    27
Dodge: Dodged            ||    40
